 Dungeon Crawl Stone Soup version 0.28.0-43-g3370ac3207 (webtiles) character file.

Game seed: 1725546797099396842

117 Cykl0x the Digger (level 5, -1/28 HPs)
             Began as a Gargoyle Earth Elementalist on Mar 10, 2022.
             Slain by a scorpion (7 damage)
             ... on level 4 of the Dungeon.
             The game lasted 00:04:32 (2615 turns).

Cykl0x the Digger (Gargoyle Earth Elementalist)     Turns: 2615, Time: 00:04:33

Health: -1/28      AC:  6    Str: 11    XL:     5   Next: 1%
Magic:  6/9        EV: 12    Int: 18    God:
Gold:   82         SH:  0    Dex: 10    Spells: 6/10 levels left

rFire   . . .      SeeInvis .   g - +1 falchion (elec)
rCold   . . .      Faith    .   (no shield)
rNeg    + . .      Spirit   .   b - +0 robe
rPois   ∞          Reflect  .   (no helmet)
rElec   +          Harm     .   (no cloak)
rCorr   .          Rampage  .   (no gloves)
Will    +....                   (no boots)
Stlth   ++........              l - amulet of magic regeneration
HPRegen 0.09/turn               d - ring of willpower
MPRegen 0.51/turn               (no ring)

@: no status effects
A: sickness immunity, AC +4, negative energy resistance 1, electricity
resistance, torment resistance 1, petrification resistance
a: no special abilities


You were on level 4 of the Dungeon.
You visited 1 branch of the dungeon, and saw 4 of its levels.

You collected 126 gold pieces.
You spent 44 gold pieces at shops.

Inventory:

Hand Weapons
 f - a +0 dagger
 g - a +1 falchion of electrocution (weapon)
Missiles
 c - 85 stones
Armour
 b - a +0 robe (worn)
Jewellery
 d - a ring of willpower (left hand)
 l - an amulet of magic regeneration (around neck)
 m - a ring of resist corrosion
Scrolls
 e - 2 scrolls of immolation
 h - 2 scrolls of identify
 i - a scroll of holy word
 j - 2 scrolls of blinking
Potions
 a - a potion of haste
 k - 3 potions of heal wounds
 n - a potion of attraction


   Skills:
 + Level 1.8 Dodging
 - Level 2.1 Stealth
 + Level 3.2 Spellcasting
 * Level 1.1 Conjurations
 - Level 0.7 Transmutations
 + Level 5.2 Earth Magic


You had 6 spell levels left.
You knew the following spells:

 Your Spells              Type           Power      Damage    Failure   Level
a - Sandblast             Erth           42%        2d11      1%          1
b - Stone Arrow           Conj/Erth      28%        3d8       13%         3

Your spell library contained the following spells:

 Spells                   Type           Power      Damage    Failure   Level
 Passwall                 Tmut/Erth      10%        N/A       7%          2
 Shock                    Conj/Air       16%        1d4       13%         1
 Slow                     Hex            8%         N/A       16%         1
 Corpse Rot               Necr/Air       4%         N/A       24%         2
 Poisonous Vapours        Pois/Air       4%         N/A       24%         2
 Confusing Touch          Hex            2%         N/A       43%         3
 Swiftness                Air            2%         N/A       43%         3
 Vampiric Draining        Necr           2%         2d6       43%         3
 Petrify                  Tmut/Erth      13%        N/A       43%         4
 Airstrike                Air            1%         N/A       85%         4


Dungeon Overview and Level Annotations

Branches:
Dungeon (4/15)
 Temple: D:4-7

Altars:

Shops:
D:1 ?   D:2 [*(


Innate Abilities, Weirdness & Mutations

You are immune to sickness and miasma.
Your stone body is resilient. (AC +4)
You are immune to poison.
You resist negative energy. (rN+)
You are resistant to electric shocks. (rElec)
You are resistant to unholy torment.
You are immune to petrification.


Message History

(D) Dungeon
Where to? (Enter - D:4, ? - help)
There is a stone staircase leading down here.
You climb downwards.
The iguana hisses angrily.
The scorpion misses you. The scorpion stings you.
There is a stone staircase leading up here.
The blast of sand hits the scorpion.
The scorpion is lightly wounded.
The scorpion stings you.
The blast of sand misses the scorpion.
The scorpion stings you.
Casting: Sandblast (safe; 1% risk of failure)
Confirm with . or Enter, or press ? or * to list all spells.
The spell is quite dangerous to miscast (13% risk of failure)!
Continue anyway?
Aiming: Stone Arrow (quite dangerous; 13% risk of failure)
Press: ? - help, Shift-Dir - straight line, f/p - scorpion
Aim: a scorpion (lightly wounded, 68% to hit)
The stone arrow hits the scorpion!
The scorpion is almost dead.
The scorpion barely misses you.
Unknown command.
Casting: Stone Arrow (quite dangerous; 13% risk of failure)
Confirm with . or Enter, or press ? or * to list all spells.
The spell is quite dangerous to miscast (13% risk of failure)!
Continue anyway?
Aiming: Stone Arrow (quite dangerous; 13% risk of failure)
Press: ? - help, Shift-Dir - straight line, f/p - scorpion
Aim: a scorpion (almost dead, 68% to hit)
The stone arrow misses the scorpion.
The scorpion closely misses you. The scorpion stings you!
Unknown command.
The iguana bites you. The scorpion misses you.
You climb upwards.
There is a stone staircase leading down here.
The iguana bites you.
* * * LOW HITPOINT WARNING * * *
The scorpion completely misses you.
You climb downwards.
There is a stone staircase leading up here.
The scorpion stings you!
You die...

... ..... #.....
###...... #
#########.......o
.#.#[......)...##..o
..........(..###
##.>.......#
#....@[....#
.......ls....#
.............#
.............#
.##.......####
###...#.. #...####
#.###


You could see a scorpion and an iguana.

Vanquished Creatures
  A howler monkey (D:2)
  An adder (D:2)
  4 dart slugs
  6 orcs
  3 endoplasms
  2 giant cockroaches
  2 goblins
  5 hobgoblins
  3 jackals (D:1)
  6 ball pythons
  4 bats
  A frilled lizard (D:1)
  10 kobolds
  6 rats
54 creatures vanquished.

Notes
Turn   | Place    | Note
-------+----------+-------------------------------------------
     0 | D:1      | Cykl0x the Gargoyle Earth Elementalist began the quest for
                  | the Orb.
     0 | D:1      | Reached XP level 1. HP: 10/10 MP: 3/3
   144 | D:1      | Reached skill level 4 in Earth Magic
   144 | D:1      | Reached XP level 2. HP: 15/15 MP: 3/5
  1083 | D:1      | Found Evveuck's Magic Scroll Shop.
  1093 | D:1      | Bought a scroll of identify for 22 gold pieces
  1093 | D:1      | Bought a scroll of identify for 22 gold pieces
  1124 | D:2      | Noticed a howler monkey
  1126 | D:2      | Killed a howler monkey
  1127 | D:2      | Reached XP level 3. HP: 19/19 MP: 2/7
  1127 | D:2      | Reached XP level 4. HP: 24/24 MP: 2/8
  1130 | D:2      | Reached skill level 5 in Earth Magic
  1136 | D:1      | Learned a level 3 spell: Stone Arrow
  1453 | D:2      | Found Duor Gumity's General Store.
  1472 | D:2      | Found Umneakhla's Antique Armour Boutique.
  1744 | D:2      | Found Dajosk's Antique Weapon Shop.
  1993 | D:3      | Reached skill level 1 in Conjurations
  2037 | D:3      | Found a faded altar of an unknown god.
  2501 | D:4      | Noticed a scorpion
  2522 | D:4      | Reached XP level 5. HP: 28/28 MP: 0/9
  2615 | D:4      | Slain by a scorpion

Illustrated notes

Levels and vault maps discovered:
D:1:      giann_forest_graveyard, layout_basic, serial_shops,
          nicolae_lakefront_shop
D:2:      layout_rooms, serial_shops, nicolae_shop_overgrown_old_shop, shop,
          shop
D:3:      layout_rooms, hellmonk_ecumenical_altar_blasted,
          kennysheep_generic_room_15
D:4:      layout_rooms, st_stairs_14, kennysheep_generic_room_5, uniq_ijyb,
          uniq_blork_the_orc, uniq_natasha

Skill      XL: |  1  2  3  4 |
---------------+-------------+-----
Earth Magic    | 4 5 |  5.2
Spellcasting   | 3 |  3.2
Conjurations   | 1 |  1.1
Dodging        | |  1.8
Stealth        | |  2.1
Transmutations | |  0.7

Action                   |  1- 3 |  4- 6 || total
-------------------------+-------+-------++-------
Melee: Unarmed           |     7 |       ||     7
       Dagger            |       |     3 ||     3
 Cast: Sandblast         |    33 |    21 ||    54
       Stone Arrow       |       |    28 ||    28
  Use: Scroll            |     1 |     5 ||     6
Armor: Robe              |    10 |     6 ||    16
Dodge: Dodged            |    28 |    15 ||    43
